 Dungeon Crawl Stone Soup version 0.31-a0-232-gb1c03b2570 (webtiles) character file.

Game seed: 11703088779322440761

561 qw the Shooter (level 7, -19/43 HPs)
             Began as a Gargoyle Hexslinger on July 7, 2023.
             Killed from afar by an acid dragon (33 damage)
             ... with a splash of acid
             ... on level 5 of the Dungeon.
             The game lasted 00:01:33 (2995 turns).

qw the Shooter (Gargoyle Hexslinger)                Turns: 2995, Time: 00:01:34

Health: -19/43     AC:  9    Str: 18    XL:     7   Next: 31%
Magic:  8/8        EV: 11    Int: 13    God:
Gold:   168        SH:  0    Dex: 14    Spells: 7/8 levels left

rFire   . . .        Y - +1 sling
rCold   + . .        (no shield)
rNeg    + . .        h - +1 leather armour {rC+}
rPois   inf          (no helmet)
rElec   +            (no cloak)
rCorr   .            (no gloves)
SInv    .            (no boots)
Will    .....        (no amulet)
Stlth   +            d - +6 ring of strength
HPRegen 0.27/turn    (no ring)
MPRegen 0.11/turn

%: no passive effects
@: no status effects
A: sickness immunity, AC +4, negative energy resistance 1, electricity
resistance, torment resistance 1, petrification resistance
a: no special abilities


You were on level 5 of the Dungeon.
You visited 1 branch of the dungeon, and saw 5 of its levels.

You collected 168 gold pieces.


Innate Abilities, Weirdness & Mutations

You are immune to sickness and miasma.
Your stone body is resilient. (AC +4)
You are immune to poison.
You resist negative energy. (rN+)
You are resistant to electric shocks. (rElec)
You are resistant to unholy torment.
You are immune to petrification.


   Skills:
 - Level 4.1 Fighting
 + Level 6.5 Ranged Weapons
 - Level 1.8 Armour
 - Level 1.5 Dodging
 - Level 1.0 Spellcasting
 - Level 2.6 Hexes


You had 7 spell levels left.
You knew the following spells:

 Your Spells              Type           Power      Damage    Failure   Level
a - Slow                  Hex            28%        N/A       11%         1

Your spell library contained the following spells:

 Spells                   Type           Power      Damage    Failure   Level
 Inner Flame              Hex/Fire       4%         N/A       50%         3
 Portal Projectile        Hex/Tloc       8%         N/A       50%         3
 Cause Fear               Hex            3%         N/A       73%         4

Inventory:

Hand Weapons
 Y - a +1 sling (weapon)
Armour
 f - a +2 robe of willpower
 h - a +1 leather armour of cold resistance (worn)
Jewellery
 d - a +6 ring of strength (left hand)
Scrolls
 g - 2 scrolls of identify
 i - a scroll of teleportation
Potions
 c - a potion of degeneration {unknown}
 e - a potion of curing {unknown}

Dungeon Overview and Level Annotations

Branches:
Dungeon (5/15)
 Temple: D:4-7

Altars:


Message History

Your Fighting skill increases to level 4!
2986 ||| Stepping ~*~*~tactically~*~*~ (outnumbered).
You shoot a sling bullet.
The sling bullet barely misses the howler monkey.
You hear the slow hiss of a very distant avalanche of sand.
You hear the slow rusting of a very distant drain.
The howler monkey hits you.
You shoot a sling bullet.
The sling bullet hits the howler monkey.
The howler monkey is lightly wounded.
The howler monkey hits you.
You shoot a sling bullet.
The sling bullet closely misses the howler monkey.
The howler monkey hits you but does no damage.
You shoot a sling bullet.
The sling bullet hits the howler monkey!
The howler monkey is heavily wounded.
The howler monkey closely misses you. The howler monkey hits you.
You shoot a sling bullet.
The sling bullet hits the howler monkey.
The howler monkey is severely wounded.
The howler monkey closely misses you.
You shoot a sling bullet.
The sling bullet hits the howler monkey!
The howler monkey is almost dead.
The howler monkey hits you but does no damage.
You shoot a sling bullet.
The sling bullet hits the howler monkey.
You kill the howler monkey!
The acid dragon spits acid at you. The splash of acid hits you!!
Ouch! That really hurt!
You shoot a sling bullet. The sling bullet hits the acid dragon.
The acid dragon is lightly wounded.
You shoot a sling bullet. The sling bullet hits the acid dragon.
The acid dragon is moderately wounded.
The acid dragon spits acid at you. The splash of acid hits you!!
Ouch! That really hurt!
You die...

.........>#.##
####.#...#.#
#..#...###.#
#..#...# #.#
#.<#...# #.#
#.#..#.# #.#
#....#.# #.#
##..##.# #.#
.......# #@#
.##.##### #D#
# ....D..)%.#
#..#########
..#


You could see an acid dragon (catching breath).

Vanquished Creatures
  2 ogres
  A howler monkey (D:5)
  3 iguanas
  Jessica (D:2)
  Natasha (thrice) (D:3)
  7 adders
  An ufetubus (D:4)
  A worm (D:2)
  2 dart slugs (D:2)
  2 orcs (D:3)
  10 ball pythons
  6 bats
  9 endoplasms
  7 giant cockroaches
  10 goblins
  11 hobgoblins
  4 quokkas
  7 frilled lizards
  6 kobolds
  4 rats
97 creatures vanquished.

Notes
Turn   | Place    | Note
-------+----------+-------------------------------------------
     0 | D:1      | qw the Gargoyle Hexslinger began the quest for the Orb.
     0 | D:1      | Reached XP level 1. HP: 12/12 MP: 2/2
     0 | D:1      | 0 ||| qw: Version: 0.3-a-46-gb1f654a
     0 | D:1      | 0 ||| qw: Game counter: 2428
     0 | D:1      | 0 ||| qw: Melee chars always use a shield: true
     0 | D:1      | 0 ||| qw: God list: Okawaru
     0 | D:1      | 0 ||| qw: Allow faded altars: false
     0 | D:1      | 0 ||| qw: Do Orc after clearing Dungeon:15 true
     0 | D:1      | 0 ||| qw: Do second Lair branch before Depths: true
     0 | D:1      | 0 ||| qw: Lair rune preference: random
     0 | D:1      | 0 ||| qw: Goals: Normal
     0 | D:1      | 0 ||| PLANNING D:1-11
   107 | D:1      | Reached XP level 2. HP: 9/16 MP: 3/3
   255 | D:1      | Reached skill level 3 in Ranged Weapons
   571 | D:1      | Reached XP level 3. HP: 21/21 MP: 4/4
   715 | D:1      | 715 ||| UPGRADING to +0 ring mail.
   725 | D:1      | 725 ||| DROPPING +0 robe.
   726 | D:1      | 726 ||| READING scroll labelled MEIGECAATE.
   727 | D:1      | 727 ||| READING scroll labelled RUEPTOXELO.
   732 | D:1      | 732 ||| READING 4 scrolls labelled UGADAO COLLY.
   733 | D:1      | 733 ||| READING 3 scrolls of identify.
   733 | D:1      | 733 ||| IDENTIFYING bubbling coppery potion
   734 | D:1      | 734 ||| READING 2 scrolls of identify.
   734 | D:1      | 734 ||| IDENTIFYING murky dark potion
   735 | D:1      | 735 ||| DROPPING scroll of poison.
   736 | D:1      | 736 ||| DROPPING potion of attraction.
   737 | D:1      | 737 ||| DROPPING potion of lignification.
   799 | D:2      | 799 ||| STAIRDANCE
   958 | D:2      | Reached XP level 4. HP: 22/26 MP: 5/5
  1014 | D:2      | Reached skill level 4 in Ranged Weapons
  1248 | D:2      | Noticed Jessica
  1263 | D:2      | Killed Jessica
  1264 | D:2      | Reached skill level 1 in Armour
  1380 | D:2      | 1380 ||| UPGRADING to +2 robe of willpower.
  1390 | D:2      | 1390 ||| DROPPING +0 ring mail.
  1391 | D:2      | 1391 ||| UPGRADING to +6 ring of strength.
  1392 | D:2      | 1392 ||| READING scroll labelled ANELYSURRU.
  1393 | D:2      | 1393 ||| READING scroll labelled QOTHRI REXOYNO.
  1394 | D:2      | 1394 ||| READING 2 scrolls of identify.
  1394 | D:2      | 1394 ||| IDENTIFYING dark potion
  1488 | D:3      | Reached XP level 5. HP: 30/30 MP: 6/6
  1594 | D:3      | Noticed Natasha
  1604 | D:3      | HP: 6/30 [Natasha (8)]
  1605 | D:3      | 1605 ||| DRINKING potion of heal wounds.
  1611 | D:3      | Killed Natasha
  1690 | D:3      | Noticed Natasha
  1704 | D:3      | Killed Natasha
  1712 | D:3      | Reached skill level 5 in Ranged Weapons
  1750 | D:3      | Noticed Natasha
  1762 | D:3      | Killed Natasha
  1797 | D:3      | Noticed an ogre
  1808 | D:3      | Killed an ogre
  1809 | D:3      | Reached skill level 3 in Fighting
  1809 | D:3      | Reached XP level 6. HP: 34/38 MP: 7/7
  2287 | D:3      | 2287 ||| READING scroll labelled NOOPLI KO JOAT.
  2388 | D:3      | 2388 ||| READING scroll labelled DESAIRGHUVE.
  2389 | D:3      | 2389 ||| READING 2 scrolls of identify.
  2389 | D:3      | 2389 ||| IDENTIFYING amethyst potion
  2390 | D:3      | 2390 ||| DROPPING potion of berserk rage.
  2895 | D:4      | 2895 ||| UPGRADING to +1 leather armour of cold resistance.
  2905 | D:4      | 2905 ||| READING scroll labelled XUBUEGH RAPRI.
  2906 | D:4      | 2906 ||| READING scroll labelled MIALEY BIERCHUU.
  2939 | D:5      | Entered Level 5 of the Dungeon
  2940 | D:5      | 2940 ||| PLANNING SEWER
  2973 | D:5      | Reached skill level 6 in Ranged Weapons
  2973 | D:5      | Reached XP level 7. HP: 42/42 MP: 8/8
  2986 | D:5      | 2986 ||| Stepping ~*~*~tactically~*~*~ (outnumbered).
  2995 | D:5      | Killed from afar by an acid dragon

Levels and vault maps discovered:
D:1:      onia_arrival_mini_spirals, layout_basic, minmay_lizard_pond
D:2:      layout_rooms, uniq_jessica
D:3:      layout_basic, minmay_circle_x, uniq_natasha
D:4:      layout_rooms
D:5:      layout_basic, gup_sewer_entry_glass, nicolae_ossuary_entry_monument

Skill      XL: |  1  2  3  4  5  6  7 |
---------------+----------------------+-----
Ranged Weapons | 3 4 5 6 |  6.5
Fighting       | 2 3 4 |  4.1
Armour         | 1 |  1.8
Dodging        | |  1.5
Spellcasting   | |  1.0
Hexes          | |  2.6

Action                     |  1- 3 |  4- 6 |  7- 9 || total
---------------------------+-------+-------+-------++-------
   Fire: Sling             |   151 |   258 |    17 ||   426
    Use: Scroll            |     5 |     8 |       ||    13
         Potion            |       |     1 |       ||     1
 Armour: Robe              |    23 |    60 |       ||    83
         Ring mail         |    45 |    10 |       ||    55
         Leather armour    |       |       |     2 ||     2
  Dodge: Dodged            |    84 |    91 |     4 ||   179

Table legend:
 A = Non-vault XP
 B = Vault XP
 C = Vault XP percentage of total XP
 D = Non-vault monster count
 E = Vault monster count
 F = Vault count percentage of total count
                 A         B        C        D         E       F
            +---------+---------+-------+---------+---------+-------
      Total |     720 |      82 |  10.2 |      87 |      10 |  10.3
            +---------+---------+-------+---------+---------+-------
        D:1 |      46 |       5 |   9.8 |      26 |       5 |  16.1
        D:2 |      53 |      37 |  41.1 |      26 |       1 |   3.7
        D:3 |     263 |      40 |  13.2 |      17 |       4 |  19.0
        D:4 |     144 |       0 |   0.0 |      15 |       0 |   0.0
        D:5 |     214 |       0 |   0.0 |       3 |       0 |   0.0
            +---------+---------+-------+---------+---------+-------
